 Dungeon Crawl Stone Soup version 0.30-b1-2-g02819fbbbe (webtiles) character file.

Game seed: 2339449649177579343

5288 nullcheck the Cleaver (level 10, -6/100 HPs)
             Began as a Hill Orc Monk on Jan 8, 2024.
             Was an Elder of Beogh.
             Killed from afar by Maggie (25 damage)
             ... with a bolt of fire
             ... on level 9 of the Dungeon.
             The game lasted 00:29:50 (7694 turns).

nullcheck the Cleaver (Hill Orc Monk)               Turns: 7694, Time: 00:29:50

Health: -6/100     AC: 13    Str: 19    XL:     10   Next: 63%
Magic:  25/25      EV:  8    Int:  5    God:    Beogh [****..]
Gold:   402        SH:  0    Dex: 13    Spells: 9/9 levels left

rFire   . . .        Z - +0 war axe
rCold   . . .        d - orb {light}
rNeg    . . .        W - +1 chain mail {Will+}
rPois   .            i - +1 hat
rElec   +            D - +1 cloak "Damnable Contraption" {rElec Regen+ MP+9 Int-5}
rCorr   .            (no gloves)
SInv    .            Y - +0 pair of boots
Will    +....        p - amulet of faith Stlth
                     (no ring)
HPRegen 1.16/turn    (no ring)
MPRegen 0.19/turn

%: faith
@: mesmerised, glowing
A: no striking features
a: Renounce Religion, Smiting, Recall Orcish Followers


You were on level 9 of the Dungeon.
You worshipped Beogh.
Beogh was greatly pleased with you.
You visited 1 branch of the dungeon, and saw 9 of its levels.

You collected 402 gold pieces.

Inventory:

Hand Weapons
 l - the +6 flail "Seden" {heavy, rElec rC++ Int-5 Stlth+}
   (You found it on level 7 of the Dungeon)

   Int:       It affects your intelligence (-5).
   rC:        It greatly protects you from cold.
   rElec:     It insulates you from electricity.
   Stlth:     It makes you more stealthy.
 s - a +2 dagger of venom
 Z - a +0 war axe (weapon)
Missiles
 n - 6 javelins
 L - 30 poisoned darts (quivered)
 V - 13 boomerangs
Armour
 d - an orb of light (worn)
 h - a +1 hat
 i - a +1 hat (worn)
 v - a +0 kite shield
 D - the +1 cloak "Damnable Contraption" (worn) {rElec Regen+ MP+9 Int-5}
   (You found it on level 3 of the Dungeon)

   Int:       It affects your intelligence (-5).
   rElec:     It insulates you from electricity.
   MP:        It affects your magic capacity (+9).
   Regen:     It increases your rate of health regeneration.
 P - a +0 plate armour
 W - a +1 chain mail of willpower (worn)
 Y - a +0 pair of boots (worn)
Jewellery
 p - an amulet of faith (around neck)
 u - an amulet of regeneration
Wands
 f - a wand of flame (24)
 j - a wand of quicksilver (11)
Scrolls
 m - a scroll of magic mapping
 r - a scroll of immolation {unknown}
 w - 3 scrolls of enchant weapon
 x - 3 scrolls of teleportation {unknown}
 y - a scroll of fog {unknown}
 z - a scroll of vulnerability {unknown}
 A - 3 scrolls of noise
 B - 2 scrolls of blinking
 C - a scroll of brand weapon
 F - 2 scrolls of torment {unknown}
 G - a scroll of amnesia {unknown}
 J - 3 scrolls of silence {!r}
 K - a scroll of butterflies {unknown}
 M - 4 scrolls of enchant armour
 O - a scroll of acquirement {unknown}
 R - 2 scrolls of poison {unknown}
 S - a scroll of fear {unknown}
Potions
 k - a potion of lignification {unknown}
 o - a potion of ambrosia
 q - 6 potions of curing
 t - 3 potions of brilliance {unknown}
 E - a potion of berserk rage {unknown}
 H - 3 potions of haste {!q}
 I - a potion of mutation {unknown}
 N - 3 potions of heal wounds {unknown}
 Q - a potion of might {unknown}
 T - a potion of attraction {unknown}
 U - 5 potions of degeneration
 X - 3 potions of flight


   Skills:
 + Level 12.7 Fighting
 + Level 13.2 Axes
 - Level 2.4 Dodging
 - Level 8.0 Invocations


You had 9 spell levels left.
You didn't know any spells.
Your spell library contained the following spells:

 Spells                   Type           Power      Damage    Failure   Level
 Frozen Ramparts          Ice            0%         1d1       100%        3
 Gell's Gravitas          Tloc           0%         N/A       100%        3
 Portal Projectile        Hex/Tloc       0%         N/A       100%        3
 Teleport Other           Tloc           0%         N/A       100%        3
 Tukima's Dance           Hex            0%         N/A       100%        3
 Ice Form                 Ice/Tmut       0%         N/A       100%        4
 Summon Ice Beast         Ice/Summ       0%         N/A       100%        4
 Alistair's Intoxication  Tmut/Pois      0%         N/A       100%        5
 Blade Hands              Tmut           0%         N/A       100%        5
 Borgnjor's Vile Clutch   Necr/Erth      0%         N/A       100%        5
 Summon Mana Viper        Hex/Summ       0%         N/A       100%        5
 Dispersal                Tloc           0%         N/A       100%        6
 Eringya's Noxious Bog    Tmut/Pois      0%         N/A       100%        6
 Monstrous Menagerie      Summ           0%         N/A       100%        7


Dungeon Overview and Level Annotations

Branches:
Dungeon (9/15) Zot: 26782  Temple (0/1) D:4            Lair (0/5) D:8
    Orc: D:9-12

Altars:
Dithmenos
Fedhas
Makhleb
Nemelex Xobeh
Trog
Uskayaw
Vehumet
Yredelemnul

Shops:
D:2 [

Annotations:
D:9 Maggie


Message History

You slash Maggie!
Maggie is lightly wounded.
Your orc wizard mumbles some strange words.
Your orc wizard flickers and vanishes for a moment.
Maggie hits you with a +2 war axe of distortion!
You hit Maggie.
Maggie is moderately wounded.
You slash Maggie!
Maggie is heavily wounded.
Maggie casts a spell at you. The bolt of fire hits you!!
* * * LOW HITPOINT WARNING * * *
The bolt of fire hits your orc wizard!
Your orc wizard dies!
The bolt of fire hits your orc wizard!! The bolt of fire hits your orc warrior!
Unknown command.
You hit Maggie but do no damage.
Maggie is heavily wounded.
Maggie gestures at you while chanting. The bolt of fire hits you!!
* * * LOW HITPOINT WARNING * * *
The bolt of fire misses your orc wizard.
The bolt of fire hits your orc warrior!
You barely miss Maggie.
Maggie is heavily wounded.
Maggie hits you with a +2 war axe of distortion!
* * * LOW HITPOINT WARNING * * *
Space warps around you.
* * * LOW HITPOINT WARNING * * *
You slash Maggie!
Maggie is severely wounded.
Maggie hits you with a +2 war axe of distortion.
* * * LOW HITPOINT WARNING * * *
You blink.
Unknown command.
Your orc warrior hits Maggie with a +0 dagger.
Your orc warrior barely misses Maggie.
Maggie hits your orc warrior with a +2 war axe of distortion!!
Your orc warrior dies!
You swap places.
Maggie gestures wildly while chanting.
Maggie attempts to bespell you!
You are mesmerised by Maggie!
You swap places.
Your orc warrior hits Maggie with a +0 club.
Maggie hits your orc warrior with a +2 war axe of distortion!
Your orc warrior dies!
Maggie gestures at you while chanting. The bolt of fire hits you!!
You die...

#o# #.# #.###
#o# #.. ...# #
#.# ### ####
##.## #.###.##
#. #.##...## #.
#....)..# #.
### ####.oo##
### ... ##.##
##.###########
#@#
##...........##
#@#
#......o.###...
#.# ##...###.#
#### (#.###..##
#... # .#
#.....#
######≈≈ ##
#.####.## ###
##.o.## #..<..#
#........>.#


You could see Maggie (mesmerising, poisoned, ally target), a friendly orc wizard
(invisible) and a friendly orc.

Vanquished Creatures
  2 two-headed ogres
  Erica (D:8)
  Pikel (D:4)
  A spriggan (D:8)
  5 water moccasins
  A sky beast (D:6)
  An orc warrior (D:7)
  An ice beast (D:5)
  A centaur (D:5)
  2 phantoms
  3 lemures
  4 bullfrogs
  2 kobold brigands (D:8)
  5 scorpions
  2 wights (D:8)
  2 jellies
  4 orc priests
  5 hounds
  3 iguanas
  A sleepcap (D:5)
  Natasha (thrice) (D:3)
  An orc wizard (D:5)
  10 adders
  2 shadow imps (D:6)
  A white imp (D:4)
  2 ufetubi
  2 worms
  3 dart slugs
  14 orcs
  4 bats
  6 endoplasms
  3 giant cockroaches
  6 hobgoblins
  A quokka (D:2)
  11 ball pythons
  5 frilled lizards
  4 goblins
  27 kobolds
  4 rats
156 creatures vanquished.

Vanquished Creatures (collateral kills)
  A komodo dragon (D:8)
  A water moccasin (D:8)
  A wight (D:8)
  2 orc priests
  An orc wizard (D:8)
  3 orcs
  A kobold (D:8)
10 creatures vanquished.

Vanquished Creatures (others)
  2 orc warriors (D:9)
  An orc priest (D:5)
  2 orc wizards
  9 orcs
  6 plants (D:8)
20 creatures vanquished.

Grand Total: 186 creatures vanquished

Notes
Turn   | Place    | Note
-------+----------+-------------------------------------------
     0 | D:1      | nullcheck the Hill Orc Monk began the quest for the Orb.
     0 | D:1      | Reached XP level 1. HP: 19/19 MP: 1/1
   189 | D:1      | Reached XP level 2. HP: 27/27 MP: 2/2
   784 | D:1      | Found a faded altar of an unknown god.
   846 | D:2      | Reached XP level 3. HP: 28/34 MP: 3/3
   890 | D:2      | Reached skill level 5 in Axes
  1390 | D:2      | Reached XP level 4. HP: 36/41 MP: 4/4
  1568 | D:2      | Found Ceuh's Armour Boutique.
  1692 | D:3      | Identified the +1 cloak "Damnable Contraption" {rElec
                  | Regen+ MP+9 Int-5}
  1815 | D:3      | Found a shadowy altar of Dithmenos.
  1850 | D:3      | Reached skill level 5 in Fighting
  1962 | D:3      | Found a blossoming altar of Fedhas.
  2034 | D:3      | Noticed Natasha
  2046 | D:3      | Killed Natasha
  2185 | D:3      | Found a radiant altar of Vehumet.
  2186 | D:3      | Noticed Natasha
  2195 | D:3      | Killed Natasha
  2196 | D:3      | Reached skill level 6 in Axes
  2196 | D:3      | Reached XP level 5. HP: 48/48 MP: 5/5
  2246 | D:3      | Noticed Natasha
  2253 | D:3      | Killed Natasha
  2392 | D:4      | Noticed a phantom
  2559 | D:4      | Killed a phantom
  2560 | D:4      | Reached skill level 7 in Axes
  2560 | D:4      | Reached XP level 6. HP: 58/58 MP: 6/6
  2579 | D:4      | Found a staircase to the Ecumenical Temple.
  2809 | D:4      | Found a bloodstained altar of Trog.
  3505 | D:5      | Entered Level 5 of the Dungeon
  3506 | D:5      | Became a worshipper of Beogh the Brigand
  3506 | D:5      | Reached * piety under Beogh
  3506 | D:5      | Reached ** piety under Beogh
  3514 | D:5      | Noticed a water moccasin
  3575 | D:4      | Killed a water moccasin
  3576 | D:4      | Reached XP level 7. HP: 34/66 MP: 7/7
  3675 | D:5      | Reached skill level 8 in Axes
  4136 | D:5      | Noticed Pikel
  4179 | D:5      | Reached skill level 9 in Axes
  4179 | D:5      | Reached XP level 8. HP: 63/75 MP: 8/8
  4494 | D:4      | Killed Pikel
  4495 | D:4      | Reached skill level 10 in Fighting
  4495 | D:4      | Reached skill level 10 in Axes
  4781 | D:6      | Reached XP level 9. HP: 85/85 MP: 12/12
  4824 | D:6      | Reached skill level 5 in Invocations
  5293 | D:6      | Reached *** piety under Beogh
  5745 | D:6      | Found a burning altar of Makhleb.
  5792 | D:6      | Found a basalt altar of Yredelemnul.
  5801 | D:6      | Found a hide-covered altar of Uskayaw.
  6345 | D:7      | Identified the +6 flail "Seden" {heavy, rElec rC++ Int-5
                  | Stlth+}
  6539 | D:7      | Found a sparkling altar of Nemelex Xobeh.
  6785 | D:8      | Reached skill level 11 in Axes
  7096 | D:8      | Noticed Erica
  7097 | D:8      | Noticed a komodo dragon
  7106 | D:8      | Killed Erica
  7107 | D:8      | Reached XP level 10. HP: 59/96 MP: 16/16
  7132 | D:8      | Found a staircase to the Lair.
  7133 | D:8      | Reached skill level 12 in Axes
  7476 | D:9      | Noticed a two-headed ogre
  7487 | D:8      | Killed a two-headed ogre
  7581 | D:9      | Reached **** piety under Beogh
  7615 | D:9      | Noticed a two-headed ogre
  7625 | D:9      | Killed a two-headed ogre
  7626 | D:9      | Reached skill level 13 in Axes
  7680 | D:9      | Noticed Maggie
  7694 | D:9      | Killed from afar by Maggie

Illustrated notes

Levels and vault maps discovered:
D:1:      minmay_arrival_three_doors, layout_basic,
          dreamdust_ecumenical_altar_angels_and_demons
D:2:      layout_basic, serial_shops, shop, st_stairs_1
D:3:      layout_loops_ring, nicolae_overflow_hidden_temple,
          mainiacjoe_overflow_large_starburst, uniq_natasha
D:4:      layout_basic, trog_butcher_becter, minmay_temple_entry_statues_pillars
D:5:      layout_cave_pools, grunt_decor_clamped, nicolae_figureground_pulse,
          uniq_pikel
D:6:      layout_loops_ring, mainiacjoe_overflow_swirl, lightli_temple_of_fire
D:7:      layout_loops_cross, nemelex_diamond_rough_becter
D:8:      layout_loops_ring, david_lair_shrubbed, the_hattery, uniq_erica
D:9:      layout_loops_ring, general_overflow_altar,
          chequers_serial_rivers_small_3, uniq_maggie, uniq_gastronok

Skill      XL: |  1  2  3  4  5  6  7  8  9 10 |
---------------+-------------------------------+-----
Fighting       | 4 5 6 7 8 10 11 12 | 12.7
Axes           | 5 6 7 9 10 11 13 | 13.2
Invocations    | 4 8 |  8.0
Dodging        | |  2.4

Action                     |  1- 3 |  4- 6 |  7- 9 | 10-12 || total
---------------------------+-------+-------+-------+-------++-------
  Melee: Hand axe          |    37 |       |       |       ||    37
         Dagger            |    56 |   175 |   148 |       ||   379
         War axe           |       |       |   144 |    56 ||   200
  Throw: Dart              |       |     5 |     9 |     5 ||    19
 Invoke: Convert to Beogh  |       |     1 |       |       ||     1
    Use: Scroll            |       |       |     6 |     4 ||    10
 Armour: Robe              |    10 |       |       |       ||    10
         Ring mail         |       |    51 |       |       ||    51
         Plate armour      |       |    27 |    41 |       ||    68
         Chain mail        |       |       |   130 |    12 ||   142
  Dodge: Dodged            |    49 |    72 |   110 |    13 ||   244

Levels and vault maps discovered:
D:1:      minmay_arrival_three_doors, layout_basic,
          dreamdust_ecumenical_altar_angels_and_demons
D:2:      layout_basic, serial_shops, shop, st_stairs_1
D:3:      layout_loops_ring, nicolae_overflow_hidden_temple,
          mainiacjoe_overflow_large_starburst, uniq_natasha
D:4:      layout_basic, trog_butcher_becter, minmay_temple_entry_statues_pillars
D:5:      layout_cave_pools, grunt_decor_clamped, nicolae_figureground_pulse,
          uniq_pikel
D:6:      layout_loops_ring, mainiacjoe_overflow_swirl, lightli_temple_of_fire
D:7:      layout_loops_cross, nemelex_diamond_rough_becter
D:8:      layout_loops_ring, david_lair_shrubbed, the_hattery, uniq_erica
D:9:      layout_loops_ring, general_overflow_altar,
          chequers_serial_rivers_small_3, uniq_maggie, uniq_gastronok
